 Dungeon Crawl Stone Soup version 0.29-a0-393-g47a863cc1b (webtiles) character file.

Game seed: 18204750428019381508

378 loir the Skirmisher (level 7, -7/53 HPs)
             Began as a Djinni Fire Elementalist on May 10, 2022.
             Mangled by bande's ghost (13 damage)
             ... on level 4 of the Dungeon.
             The game lasted 00:19:49 (3990 turns).

loir the Skirmisher (Djinni Fire Elementalist)      Turns: 3990, Time: 00:19:50

Health: -7/53      AC:  4    Str: 11    XL:     7   Next: 4%
Gold:   111        EV: 12    Int: 19    God:
                   SH:  0    Dex: 13

rFire   + + .      SeeInvis .   g - +3 dagger
rCold   x . .      Faith    .   (no shield)
rNeg    . . .      Spirit   .   a - +1 robe
rPois   ∞          Reflect  .   (no helmet)
rElec   +          Harm     .   (no cloak)
rCorr   .          Rampage  .   m - +0 pair of gloves
Will    .....                   (boots unavailable)
Stlth   ++........              (no amulet)
HPRegen 0.17/turn               r - ring "Keloimn" {rElec MP+9 Str+4 Slay-5}
MPRegen 0.00/turn               (no ring)

@: flying
A: sickness immunity, fire resistance 2, cold vulnerability 1, float, innate
caster, HP casting, extra vitality 1
a: no special abilities


You were on level 4 of the Dungeon.
You visited 1 branch of the dungeon, and saw 4 of its levels.

You collected 111 gold pieces.

Inventory:

Hand Weapons
 f - a +2 short sword of speed
 g - a +3 dagger (weapon)
 n - a +0 dagger of speed
Missiles
 e - 112 stones
Armour
 a - a +1 robe (worn)
 l - a +2 leather armour of fire resistance
 m - a +0 pair of gloves (worn)
Magical Staves
 d - a staff of conjuration
Jewellery
 p - a ring of protection from fire
 r - the ring "Keloimn" (left hand) {rElec MP+9 Str+4 Slay-5}
   (You found it on level 4 of the Dungeon)

   [ring of magical power]

   Str:       It affects your strength (+4).
   Slay:      It affects your accuracy & damage with ranged weapons and melee
   (-5).
   rElec:     It insulates you from electricity.
   MP:        It affects your magic capacity (+9).
Scrolls
 q - a scroll of enchant armour
Potions
 b - 3 potions of cancellation
 c - a potion of resistance
 h - 2 potions of brilliance {unknown}
 i - a potion of lignification {unknown}
 j - a potion of degeneration {unknown}
 k - 2 potions of invisibility {unknown}
 o - a potion of berserk rage {unknown}


   Skills:
 + Level 4.5 Fighting
 - Level 2.1 Dodging
 - Level 1.5 Stealth
 + Level 4.3 Spellcasting


You couldn't memorise any spells.
You knew the following spells:

 Your Spells              Type           Power      Damage    Failure   Level
a - Foxfire               Conj/Fire      80%        2x1d8     2%          1
b - Scorch                Fire           40%        2d7       3%          2
c - Conjure Flame         Conj/Fire      20%        6-21      7%          3
d - Inner Flame           Hex/Fire       20%        N/A       7%          3
e - Flame Wave            Conj/Fire      20%        2d7       22%         4
f - Sting                 Tmut/Pois      80%        1d7       2%          1
g - Passwall              Tmut/Erth      16%        N/A       3%          2
h - Poisonous Vapours     Pois/Air       40%        N/A       3%          2
Your spell library was empty.

Dungeon Overview and Level Annotations

Branches:
Dungeon (4/15)
 Temple: D:4-7

Altars:
Elyvilon
Fedhas

Annotations:
D:4 1 runed translucent door, bande's ghost, novice GrFi


Innate Abilities, Weirdness & Mutations

You are immune to sickness and miasma.
You are immune to poison.
Your flesh is very heat resistant. (rF++)
You are vulnerable to cold. (rC-)
You float through the air rather than walking.
You learn spells naturally, not from books.
Your magical power is your life essence.
You have superior vitality. (+4 MHP)


Message History

Bande's ghost closely misses you.
Casting: Foxfire (safe; 2% risk of failure)
Press: ? - help, Q - select action, (/) - cycle Dir - look around, f - activate You conjure some foxfire!
The foxfire hits bande's ghost but does no damage.
Bande's ghost is heavily damaged.
Bande's ghost hits you!
Casting: Foxfire (safe; 2% risk of failure)
Confirm with . or Enter, or press ? or * to list all spells.
Flames lash bande's ghost.
Bande's ghost is heavily damaged.
Bande's ghost's fire resistance burns away.
The foxfire hits bande's ghost but does no damage.
Bande's ghost is heavily damaged.
The foxfire hits bande's ghost but does no damage.
Bande's ghost is heavily damaged.
The foxfire hits bande's ghost.
Bande's ghost is heavily damaged.
Bande's ghost hits you!
* * * LOW HITPOINT WARNING * * *
Casting: Foxfire (safe; 2% risk of failure)
Press: ? - help, Q - select action, (/) - cycle Dir - look around, f - activate You conjure some foxfire!
* * * LOW HITPOINT WARNING * * *
Bande's ghost closely misses you.
Casting: Foxfire (safe; 2% risk of failure)
Press: ? - help, Q - select action, (/) - cycle Dir - look around, f - activate You conjure some foxfire!
* * * LOW HITPOINT WARNING * * *
The foxfire hits bande's ghost but does no damage.
Bande's ghost is heavily damaged.
Bande's ghost closely misses you.
The foxfire hits bande's ghost but does no damage.
Bande's ghost is heavily damaged.
The foxfire hits bande's ghost but does no damage.
Bande's ghost is heavily damaged.
The foxfire hits bande's ghost.
Bande's ghost is burned terribly!
Bande's ghost is severely damaged.
Bande's ghost hits you!
You die...

#.....#....#≈?≈#.........
+.....#....#≈≈≈#...##...#
#.....'....#≈W≈#...##.[†#
#######....#w≈≈#........'
.........###WFS#........#
.........#.##+##........#
.........#..............#
........W#....###########
........@#...## ..#
.......§§#....# ... .#.
.........#'#### ...
..####............<.# .
#.......#######.....# ######
#.......#.....+.....# #.....
#.......#.....#.....######.....
#.......#.....#................
#..>....#.....#................


You could see bande's ghost (combustible).

Vanquished Creatures
  A bullfrog (D:4)
  A hound (D:4)
  2 orc priests
  Terence (D:2)
  2 iguanas (D:4)
  An orc wizard (D:4)
  4 adders
  An ufetubus (D:4)
  2 worms (D:4)
  3 dart slugs
  11 orcs
  3 bats
  4 endoplasms
  A giant cockroach (D:1)
  8 goblins
  6 hobgoblins
  7 jackals
  A quokka (D:3)
  2 ball pythons
  5 frilled lizards
  3 kobolds
  A rat (D:1)
70 creatures vanquished.

Vanquished Creatures (others)
  A quokka (D:3)
  203 foxfires
  A plant (D:3)
205 creatures vanquished.

Grand Total: 275 creatures vanquished

Notes
Turn   | Place    | Note
-------+----------+-------------------------------------------
     0 | D:1      | loir the Djinni Fire Elementalist began the quest for the
                  | Orb.
     0 | D:1      | Reached XP level 1. HP: 15/15 MP: 0/0
   133 | D:1      | Reached XP level 2. HP: 10/22 MP: 0/0
   335 | D:1      | Reached skill level 1 in Fighting
   563 | D:1      | Found a faded altar of an unknown god.
   971 | D:1      | Reached XP level 3. HP: 22/27 MP: 0/0
   971 | D:1      | Learned a level 1 spell: Sting
  1399 | D:2      | Noticed Terence
  1404 | D:2      | Killed Terence
  1405 | D:2      | Reached XP level 4. HP: 25/33 MP: 0/0
  1763 | D:2      | You are sucked into a shaft and drop 1 floor!
  2339 | D:3      | Found a blossoming altar of Fedhas.
  2484 | D:3      | Found a white marble altar of Elyvilon.
  2709 | D:3      | Reached XP level 5. HP: 38/40 MP: 0/0
  2709 | D:3      | Learned a level 2 spell: Passwall
  3451 | D:4      | HP: 2/40 [something (1)]
  3458 | D:4      | Reached XP level 6. HP: 31/46 MP: 0/0
  3713 | D:4      | Identified the ring "Keloimn" {rElec MP+9 Str+4 Slay-5}
  3898 | D:4      | Found a runed translucent door.
  3899 | D:4      | Noticed bande's ghost (novice GrFi)
  3931 | D:4      | Found a runed translucent door.
  3952 | D:4      | Reached XP level 7. HP: 46/53 MP: 0/0
  3952 | D:4      | Learned a level 2 spell: Poisonous Vapours
  3990 | D:4      | Mangled by bande's ghost

Illustrated notes

Levels and vault maps discovered:
D:1:      dpeg_arrival_long_road, layout_basic, ebering_ecumenical_altar_mist,
          grunt_decor_resistance
D:2:      layout_loops_ring, lemuel_old_faithful, uniq_terence
D:3:      layout_loops_ring, elyvilon_altar_4, mainiacjoe_overflow_boulevard,
          chequers_mini_garden, hex_tiny
D:4:      layout_gridville, ebering_ghost_sewer_f

Skill      XL: |  1  2  3  4  5  6 |
---------------+-------------------+-----
Fighting       | 1 2 3 4 |  4.5
Spellcasting   | 3 4 |  4.3
Dodging        | |  2.1
Stealth        | |  1.5

Action                   |  1- 3 |  4- 6 |  7- 9 || total
-------------------------+-------+-------+-------++-------
 Cast: Foxfire           |    47 |    72 |    11 ||   130
       Scorch            |     6 |    31 |     2 ||    39
       Sting             |       |     2 |       ||     2
  Use: Scroll            |     1 |     9 |       ||    10
       Potion            |       |     2 |       ||     2
Armor: Robe              |       |     8 |       ||     8
Dodge: Dodged            |     7 |    15 |     5 ||    27

Table legend: (Time is in decaauts)
 A = Elapsed time spent in this place.
 B = Non-inter-level travel time spent in this place.
 C = Inter-level travel time spent in this place.
 D = Time resting spent in this place.
 E = Time spent auto-exploring this place.
 F = Levels seen in this place.
 G = Mean time per level.
                   A        B        C        D        E       F      G
               +--------+--------+--------+--------+--------+-----+--------+
         Total |   3988 |   3902 |     86 |    278 |   3137 |   4 |  997.0 |
       Dungeon |   3988 |   3902 |     86 |    278 |   3137 |   4 |  997.0 |
               +--------+--------+--------+--------+--------+-----+--------+

Top non-repeatable levels by time:
     D:1: 1398 daAuts
     D:3: 1047 daAuts
     D:2: 859 daAuts
     D:4: 683 daAuts
